 Dungeon Crawl Stone Soup version 0.21.1-1-g345015f (webtiles) character file.

56 Larett the Sneak (level 3, -5/24 HPs)
             Began as an Octopode Assassin on Apr 12, 2018.
             Slain by an orc
             ... wielding a +0 hand axe
              (7 damage)
             ... on level 3 of the Dungeon.
             The game lasted 00:03:08 (2286 turns).

Larett the Sneak (Octopode Assassin)                Turns: 2286, Time: 00:03:08

Health: -5/24      AC:  1    Str: 10    XL:     3   Next: 95%
Magic:  3/3        EV: 13    Int: 13    God:
Gold:   115        SH:  0    Dex: 14    Spells: 2/2 levels left

rFire    . . .     SeeInvis .   a - +1 dagger (venom)
rCold    . . .     Gourm    .   (no shield)
rNeg     . . .     Faith    .   (helmet restricted)
rPois    .         Spirit   .   (no amulet)
rElec    .         Reflect  .   (no ring)
rCorr    .         Harm     .   (no ring)
MR       .....                  (no ring)
Stlth    +++++.....             (no ring)
HPRegen  0.08/turn              (no ring)
MPRegen  0.08/turn              (no ring)
                                (no ring)
                                (no ring)

@: no status effects
A: almost no armour, stealthy swim, amphibious, 8 rings, constrict 8, camouflage
1, gelatinous body 1
a: no special abilities


You were on level 3 of the Dungeon.
You were not hungry.

You visited 1 branch of the dungeon, and saw 3 of its levels.

You collected 115 gold pieces.

Inventory:

Hand Weapons
 a - a +1 dagger of venom (weapon)
 q - a +0 blowgun
 s - a +3 dagger
 y - a +0 hunting sling
 B - a +0 hunting sling of freezing
 F - a +2 dagger
 M - a +0 hunting sling
Missiles
 c - 8 poisoned needles
 d - 2 curare-tipped needles
 t - 29 stones (quivered)
 z - 55 bolts
 N - 15 sling bullets
 R - 4 tomahawks
Scrolls
 r - 2 scrolls of enchant weapon {unknown}
 G - 2 scrolls of remove curse {unknown}
 H - a scroll of amnesia {unknown}
 J - 2 scrolls of identify {unknown}
 Q - a scroll of random uselessness {unknown}
Potions
 u - a potion of degeneration {unknown}
 w - a potion of flight {unknown}
 x - 2 potions of haste {unknown}
 C - a potion of mutation {unknown}
 E - a potion of heal wounds {unknown}
 K - 2 potions of agility {unknown}
 L - 2 potions of might {unknown}
 O - 3 potions of lignification {unknown}
 P - a potion of curing {unknown}
Comestibles
 f - 4 rations


   Skills:
 - Level 2.0 Fighting
 - Level 2.0 Short Blades
 - Level 2.0 Throwing
 - Level 1.0 Dodging
 + Level 7.5 Stealth


You had 2 spell levels left.
You didn't know any spells.

Dungeon Overview and Level Annotations

Branches:
Dungeon (3/15)

Altars:


Innate Abilities, Weirdness & Mutations

You cannot wear most types of armour.
You are very stealthy in the water. (Stealth+)
You are amphibious.
You can wear up to eight rings at the same time.
You can use your tentacles to constrict eight enemies at once.
Your skin changes colour to match your surroundings (Stealth+).
Your rubbery body absorbs attacks. (AC +1, EV +1)


Message History

The orc shouts!
An orc comes into view. It is wielding a flail.
A giant cockroach, an orc and an orc priest come into view.
The orc shouts!
The orc priest shouts!
The orc shouts!
You hit the orc. You grab the orc.
The orc is moderately wounded.
You constrict the orc, but do no damage.
The orc priest mumbles some strange prayers to Beogh against you.
Beogh smites you!
Ouch! That really hurt!
The giant cockroach moves out of view.
The orc closely misses you.
You release your grip on the orc.
The rat twitches its whiskers.
There is a stone staircase leading up here.
The orc priest miscasts a cantrip.
The orc priest invokes the aid of Beogh against you.
Beogh smites you!
* * * LOW HITPOINT WARNING * * *
The orc hits you with a hand axe!
You die...

#......# ##..### .
#....o.######.....
..####........#..#.#.###
....o.s...#........†...#
.....o..o.#......#.#.#.#
..........#....#.#.# #
..........#..s.....#
..........#....#o###
................@..#
...........#######.#
...........# .#
##.........# # ..


You could see an orc priest, an orc and a giant cockroach.

Vanquished Creatures
  An adder (D:2)
  2 worms (D:2)
  3 dart slugs
  A leopard gecko (D:1)
  4 bats
  5 goblins
  4 hobgoblins
  3 frilled lizards (D:1)
  A giant cockroach zombie (D:2)
  7 kobolds
  5 rats
36 creatures vanquished.

Notes
Turn   | Place    | Note
-------+----------+-------------------------------------------
     0 | D:1      | Larett the Octopode Assassin began the quest for the Orb.
     0 | D:1      | Reached XP level 1. HP: 14/14 MP: 1/1
   211 | D:1      | Reached skill level 6 in Stealth
   211 | D:1      | Reached XP level 2. HP: 11/19 MP: 2/2
   442 | D:1      | HP: 2/19 [kobold/short sword (3)]
   889 | D:1      | Reached XP level 3. HP: 15/24 MP: 3/3
   911 | D:1      | HP: 3/24 [poisoned by a goblin]
   919 | D:1      | HP: 2/24 [poisoned by a goblin]
  1572 | D:2      | Reached skill level 7 in Stealth
  2286 | D:3      | HP: 2/24 [orc priest/divine providence (9)]
  2286 | D:3      | Slain by an orc

Skill      XL: |  1  2  3 |
---------------+----------+-----
Stealth        | 6 7 |  7.5
Fighting       | |  2.0
Short Blades   | |  2.0
Throwing       | |  2.0
Dodging        | |  1.0

Action                   || total
-------------------------++-------
Melee: Dagger            ||    62
       Constrict         ||    17
       Tentacles         ||     8
 Stab: Sleeping          ||    13
  Eat: Chunk             ||     4
Armor: Skin              ||     8
Dodge: Dodged            ||    31
